 Dungeon Crawl Stone Soup version 0.18-a0-1577-gf591c28 (webtiles) character file.

84 Duffy the Firebug (level 4, 0/24 HPs)
             Began as a Deep Elf Fire Elementalist on Mar 18, 2016.
             Engulfed by a cloud of flame (24 damage)
             ... on level 2 of the Dungeon.
             The game lasted 00:02:15 (1982 turns).

Duffy the Firebug (Deep Elf Fire Elementalist)      Turns: 1982, Time: 00:02:16

Health: 0/24       AC:  2    Str:  5    XL:     4   Next: 23%
Magic:  8/10       EV: 13    Int: 20    God:
Gold:   74         SH:  0    Dex: 16    Spells: 3 memorised, 1 level left

rFire  . . .     SeeInvis .     (no weapon)
rCold  . . .     Gourm    .     a - +0 robe
rNeg   . . .     Faith    .     (no shield)
rPois  .         Spirit   .     (no helmet)
rElec  .         Dismiss  .     (no cloak)
rCorr  .         Reflect  .     (no gloves)
SustAt .         Harm     .     (no boots)
MR     .....                    (no amulet)
Stlth  ++........               (no ring)
                                (no ring)

@: not resistant to hostile enchantments, unstealthy
A: no striking features
a: no special abilities


You were on level 2 of the Dungeon.
You were not hungry.

You visited 1 branch of the dungeon, and saw 2 of its levels.

You collected 74 gold pieces.


   Skills:
 - Level 2.4 Dodging
 - Level 2.4 Stealth
 - Level 3.0 Spellcasting
 + Level 3.9 Conjurations
 + Level 4.0 Fire Magic


You had one spell level left.
You knew the following spells:

 Your Spells              Type           Power        Failure   Level  Hunger
a - Flame Tongue          Conj/Fire      ###..        2%          1    None
j - Sticky Flame          Conj/Fire      ###.....     30%         4    ####...
l - Conjure Flame         Conj/Fire      ###.....     10%         3    ###....

Inventory:

Missiles
 n - 2 tomahawks of dispersal (quivered)
Armour
 a - a +0 robe (worn)
Scrolls
 e - a scroll of blinking {unknown}
 j - a scroll of identify {unknown}
 k - 2 scrolls of remove curse {unknown}
 m - a scroll of enchant armour {unknown}
 o - a scroll of random uselessness {unknown}
 p - a scroll of teleportation {unknown}
Potions
 d - 2 potions of resistance {unknown}
 f - 2 potions of curing {unknown}
 h - 2 potions of might {unknown}
 i - a potion of mutation {unknown}
 l - a potion of berserk rage {unknown}
Books
 b - a book of Flames
Comestibles
 c - a bread ration
 g - a beef jerky
 q - a chunk of flesh

Dungeon Overview and Level Annotations

Branches:
Dungeon (2/15)

Altars:
Ru
Vehumet


Message History

You kill the giant gecko!
Cast which spell? (? or * to list)
You can't see any susceptible monsters within range! (Use Z to cast anyway.) Cast which spell? (? or * to list)
You can't see any susceptible monsters within range! (Use Z to cast anyway.)
Found 20 sling bullets.
You see here 20 sling bullets.
You see here 20 sling bullets.
A bat comes into view.
Cast which spell? (? or * to list)
Aiming: Flame Tongue
Press: ? - help, Shift-Dir - straight line, f - bat
Aim: a bat (resting)
The flame tongue hits the bat.
The bat appears unharmed.
The bat closely misses you.
Cast which spell? (? or * to list)
Aiming: Flame Tongue
Press: ? - help, Shift-Dir - straight line, f/p - bat
Aim: a bat The flame tongue hits the bat.
You kill the bat!
A rat comes into view.
Cast which spell? (? or * to list)
Aiming: Flame Tongue
Press: ? - help, Shift-Dir - straight line, f - rat
Aim: a rat The flame tongue hits the rat.
You kill the rat!
Found a radiant altar of Vehumet.
Found a club.
Really walk into a travel-excluded area?
Really walk into a travel-excluded area?
You are engulfed in roaring flames.
Ouch! That really hurt!
You die...

..#.. ^...#.# #.#.#
....#.# #.#.# #..#.#
#.#.# #..#.###.#.###
#..0.........
#.0.0.##.#%#########
#..0.0..............
####.0@0.##.#.#########
.......0.......#
.#############.# ###


There were no monsters in sight!

Action                   |  1- 3 |  4- 6 || total
-------------------------+-------+-------++-------
Throw: Tomahawk          |       |     1 ||     1
 Cast: Flame Tongue      |    56 |    14 ||    70
  Eat: Chunk             |     2 |     1 ||     3

Notes
Turn   | Place    | Note
--------------------------------------------------------------
     0 | D:1      | Duffy the Deep Elf Fire Elementalist began the quest for the Orb.
     0 | D:1      | Reached XP level 1. HP: 10/10 MP: 6/6
   196 | D:1      | Reached skill level 2 in Conjurations
   249 | D:1      | Reached XP level 2. HP: 15/15 MP: 5/8
  1043 | D:2      | Reached skill level 3 in Conjurations
  1091 | D:2      | Found a sacrificial altar of Ru.
  1326 | D:2      | Reached XP level 3. HP: 17/19 MP: 3/9
  1511 | D:2      | Learned a level 3 spell: Conjure Flame
  1544 | D:2      | Reached XP level 4. HP: 24/24 MP: 7/10
  1574 | D:2      | Learned a level 4 spell: Sticky Flame
  1856 | D:2      | Reached skill level 4 in Fire Magic
  1971 | D:2      | Found a radiant altar of Vehumet.
  1982 | D:2      | Engulfed by a cloud of flame

Vault maps used:
D:1:      minmay_arrival_widening_spiral_narrow
D:2:      xom_teletrap_fun, nicolae_ru_great_annihilating_truth,
          fiery_altar_vehumet, first_bread, minmay_misc_feat_iff,
          hangedman_feature_mirror

Vanquished Creatures
  An orc wizard
  2 adders
  2 dart slugs
  A giant gecko
  2 ball pythons
  4 bats
  A giant cockroach
  2 goblins
  6 hobgoblins
  2 jackals
  4 kobolds
  A quokka
  4 rats
32 creatures vanquished.
